 Dungeon Crawl Stone Soup version 0.30-a0-459-g9104f0fc43 (webtiles) character file.

Game seed: 1280297621522740703

4109 cforsyth the Grappler (level 10, -3/100 HPs)
             Began as a Troll Fighter on Dec 15, 2022.
             Was a Follower of Wu Jian.
             Slain by a sun demon (15 damage)
             ... on level 9 of the Dungeon on Dec 16, 2022.
             The game lasted 00:10:00 (6185 turns).

cforsyth the Grappler (Troll Fighter)               Turns: 6185, Time: 00:10:00

Health: -3/100     AC:  3    Str: 26      XL:     10   Next: 6%
Magic:  9/9        EV: 13    Int:  8      God:    Wu Jian [*.....]
Gold:   230        SH:  9    Dex:  8 (9)  Spells: 9/9 levels left

rFire   . . .      SeeInvis .      - Unarmed
rCold   . . .      Faith    .    b - +1 kite shield
rNeg    . . .      Spirit   .    t - +0 robe {Will+}
rPois   +          Reflect  .    (helmet restricted)
rElec   .          Harm     .    (no cloak)
rCorr   .          Rampage  .    (gloves unavailable)
Will    +....                    (boots unavailable)
Stlth   +.........               (no amulet)
HPRegen 1.16/turn                k - +4 ring of evasion
MPRegen 0.11/turn                l - ring of poison resistance

@: no status effects
A: large, unfitting armour, claws 3, regeneration 1, shaggy fur 1, tough skin 1,
deformed body
a: Renounce Religion


You were on level 9 of the Dungeon.
You worshipped Wu Jian.
Wu Jian was aware of your devotion.
You visited 2 branches of the dungeon, and saw 10 of its levels.

You collected 504 gold pieces.
You spent 274 gold pieces at shops.

Inventory:

Armour
 b - a +1 kite shield (worn)
 t - a +0 robe of willpower (worn)
Jewellery
 k - a +4 ring of evasion (left claw)
 l - a ring of poison resistance (right claw)
 r - a ring of flight
 y - a ring of ice
 B - an amulet of faith
 D - an amulet of the acrobat
 E - an amulet of regeneration
Wands
 w - a wand of quicksilver (6)
 C - a wand of charming (14)
 G - a wand of flame (7)
 H - a wand of polymorph (2)
Scrolls
 e - 2 scrolls of fear
 f - 2 scrolls of enchant armour
 h - 4 scrolls of identify
 m - a scroll of amnesia {unknown}
 n - a scroll of silence
 o - a scroll of teleportation
 p - a scroll of fog {unknown}
 s - a scroll of enchant weapon
 v - a scroll of acquirement {unknown}
 F - a scroll of brand weapon {unknown}
Potions
 a - 2 potions of mutation {unknown}
 c - 6 potions of might
 d - a potion of heal wounds
 g - 3 potions of degeneration {unknown}
 i - 2 potions of haste
 j - a potion of invisibility {unknown}
 q - a potion of attraction {unknown}
 u - a potion of cancellation {unknown}
 x - 2 potions of resistance
 z - a potion of flight {unknown}
 A - 5 potions of curing


   Skills:
 + Level 6.6 Fighting
 - Level 3.0 Dodging
 + Level 7.2 Shields
 * Level 10.3 Unarmed Combat


You had 9 spell levels left.
You didn't know any spells.
Your spell library contained the following spells:

 Spells                   Type           Power      Damage    Failure   Level
 Blink                    Tloc           0%         N/A       80%         2
 Momentum Strike          Conj/Tloc      0%         3d8       80%         2
 Static Discharge         Conj/Air       0%         2-2/arc   80%         2
 Lesser Beckoning         Tloc           0%         N/A       95%         3
 Portal Projectile        Hex/Tloc       0%         N/A       95%         3
 Tukima's Dance           Hex            0%         N/A       95%         3
 Vhi's Electric Charge    Tloc/Air       0%         N/A       95%         3
 Animate Dead             Necr           0%         N/A       100%        4
 Arcjolt                  Conj/Air       0%         1d10      100%        5
 Blade Hands              Tmut           0%         N/A       100%        5
 Borgnjor's Vile Clutch   Necr/Erth      0%         N/A       100%        5
 Lightning Bolt           Conj/Air       0%         1d11      100%        5
 Death Channel            Necr           0%         N/A       100%        6


Dungeon Overview and Level Annotations

Branches:
Dungeon (9/15)             Temple (1/1) D:5            Lair (0/5) D:8
    Orc: D:9-12

Altars:
Ashenzari
Dithmenos
Fedhas
Gozag
Makhleb
Nemelex Xobeh
Okawaru
Qazlal
Sif Muna
Trog
Uskayaw
Vehumet
Wu Jian
Xom
Yredelemnul
Zin
The Shining One

Shops:
D:3 [[[(   D:8 *!

Annotations:
D:5 2 transporters


Innate Abilities, Weirdness & Mutations

You are too large for most types of armour.
You have claws for hands.
Your natural rate of healing is unusually fast.
You are covered in fur. (AC +1)
You have tough skin. (AC +1)
Armour fits poorly on your strangely shaped body.


Message History

You are too injured to fight recklessly!
You are too injured to fight recklessly!
You are too injured to fight recklessly!
You are too injured to fight recklessly!
You are too injured to fight recklessly!
You are too injured to fight recklessly!
You spin and attack the hellwing repeatedly.
You scratch the hellwing.
The hellwing is almost dead.
You closely miss the hellwing.
The hellwing is almost dead.
The hellwing hits you. x2
You spin and attack the hellwing.
You barely miss the hellwing.
The hellwing is almost dead.
The hellwing hits you! The hellwing barely misses you.
The neqoxec gestures at you.
Something tries to feed on your intellect!
You see here 19 gold pieces.
You spin and attack the hellwing.
You scratch the hellwing but do no damage.
The hellwing is almost dead.
The hellwing barely misses you. x2
You spin and attack the hellwing.
You claw the hellwing!
You kill the hellwing!
The Council accepts your kill.
You feel your intelligence returning.
You mangle the sun demon!!
The sun demon is heavily wounded.
The sun demon hits you.
You are engulfed in flames!
The sun demon hits you!!
You are engulfed in flames!
* * * LOW HITPOINT WARNING * * *
You barely miss the sun demon.
The sun demon is heavily wounded.
You block the sun demon's attack.
You scratch the sun demon.
The sun demon is heavily wounded.
The sun demon hits you!
* * * LOW HITPOINT WARNING * * *
You are engulfed in flames!
You die...

... #....... ...###......
........... '
...!.....####.#
.............
#........... #...........
#..@3....... #..3........
#..$........
####........... ........
#..........##.. .......#
#.####.........
.......####......###....
.......#...........#.##.#
.......#.##........#.# ##


You could see a sun demon and a neqoxec.

Vanquished Creatures
  Erica (D:8)
  Psyche (D:8)
  A hellwing (D:9)
  2 hornets (D:8)
  2 basilisks (D:8)
  2 wyverns (D:8)
  A yak (D:8)
  A neqoxec (D:9)
  A water moccasin (D:7)
  An orc warrior (D:8)
  A sky beast (D:7)
  An ogre (D:5)
  2 centaurs
  A kobold brigand (D:7)
  2 bullfrogs (D:7)
  A necrophage (D:7)
  A scorpion (D:7)
  2 howler monkeys (D:6)
  2 quasits (D:9)
  5 hounds
  4 jellies
  4 orc priests
  An iguana (D:4)
  3 orc wizards
  6 adders
  8 gnolls
  A white imp (D:7)
  2 ufetubi
  2 worms
  6 dart slugs
  24 orcs
  2 endoplasms
  3 giant cockroaches
  7 hobgoblins
  9 jackals
  5 quokkas
  4 ball pythons
  8 bats
  5 frilled lizards
  7 goblins
  10 kobolds
  9 rats
161 creatures vanquished.

Vanquished Creatures (others)
  2 demonic plants (D:9)
  2 fungi (D:8)
  2 plants
6 creatures vanquished.

Grand Total: 167 creatures vanquished

Notes
Turn   | Place    | Note
-------+----------+-------------------------------------------
     0 | D:1      | cforsyth the Troll Fighter began the quest for the Orb.
     0 | D:1      | Reached XP level 1. HP: 22/22 MP: 0/0
   137 | D:1      | Reached XP level 2. HP: 29/29 MP: 1/1
   514 | D:1      | Reached XP level 3. HP: 36/36 MP: 2/2
  1242 | D:3      | Found Yklao's Armour Boutique.
  1289 | D:3      | Found Risil's Armour Shoppe.
  1373 | D:3      | Reached XP level 4. HP: 40/45 MP: 3/3
  1410 | D:3      | Found Onots's Weapon Shoppe.
  1440 | D:3      | Reached skill level 3 in Unarmed Combat
  1590 | D:3      | Reached XP level 5. HP: 40/53 MP: 4/4
  1670 | D:3      | Found a faded altar of an unknown god.
  1701 | D:3      | Found Evvujolada's Antique Armour Emporium.
  1709 | D:3      | Bought an embroidered robe for 92 gold pieces
  2150 | D:4      | Reached skill level 4 in Unarmed Combat
  2161 | D:4      | Reached XP level 6. HP: 59/61 MP: 5/5
  2261 | D:4      | Found a broken altar of Ashenzari.
  2453 | D:5      | Entered Level 5 of the Dungeon
  2693 | D:5      | Found a transporter.
  2722 | D:5      | Reached skill level 5 in Unarmed Combat
  2722 | D:5      | Reached XP level 7. HP: 65/70 MP: 6/6
  2804 | D:5      | Found a staircase to the Ecumenical Temple.
  2869 | D:5      | Found a transporter.
  2902 | Temple   | Entered the Ecumenical Temple
  3029 | Temple   | Became a worshipper of the Wu Jian Council
  3365 | D:6      | Reached skill level 6 in Unarmed Combat
  3499 | D:6      | Found a shimmering blue altar of Sif Muna.
  3726 | D:7      | Reached skill level 5 in Shields
  3726 | D:7      | Reached XP level 8. HP: 75/79 MP: 7/7
  3849 | D:7      | Reached skill level 7 in Unarmed Combat
  4079 | D:7      | Identified the +7 mace "Sanaxu" {antimagic, rCorr Dex+4}
  4223 | D:7      | Reached skill level 5 in Fighting
  4857 | D:8      | Noticed a hornet
  4867 | D:8      | Killed a hornet
  4870 | D:8      | Reached skill level 8 in Unarmed Combat
  5172 | D:8      | Noticed Erica
  5179 | D:8      | Killed Erica
  5180 | D:8      | Reached XP level 9. HP: 70/89 MP: 8/8
  5216 | D:8      | Found Soororup's Lightly-Used Armoury.
  5265 | D:8      | Found a staircase to the Lair.
  5303 | D:8      | Reached skill level 9 in Unarmed Combat
  5389 | D:8      | Found Giudam's Distillery.
  5412 | D:8      | Bought a potion of curing for 42 gold pieces
  5412 | D:8      | Bought a potion of haste for 140 gold pieces
  5472 | D:8      | Found a stormy altar of Qazlal.
  5673 | D:8      | Noticed Psyche
  5682 | D:8      | Killed Psyche
  5834 | D:8      | Reached skill level 10 in Unarmed Combat
  5954 | D:9      | Noticed a sun demon
  5954 | D:9      | Noticed a hellwing
  6026 | D:9      | Gained mutation: Armour fits poorly on your strangely
                  | shaped body. [a neqoxec]
  6165 | D:9      | Reached * piety under Wu Jian
  6166 | D:9      | Reached XP level 10. HP: 99/100 MP: 9/9
  6185 | D:9      | Slain by a sun demon

Illustrated notes

Levels and vault maps discovered:
D:1:      beargit_arrival_greenhouse, layout_basic, palyth_stone_intersect
D:2:      layout_basic
D:3:      layout_basic, ebering_ecumenical_altar_ruins, serial_shops,
          nicolae_square_shop, shop_statue, nicolae_shop_advertising_works
          [nicolae_subvault_shop_adworks], nicolae_shop_crystal,
          minmay_misc_feat_alley, minmay_circle_x
D:4:      layout_rooms, kennysheep_little_box, cheibrodos_gnoll_hut
D:5:      gammafunk_cloud_chamber, layout_cave_pools,
          minmay_temple_entry_statues_pillars, minmay_lizard_king
D:6:      layout_rooms, mainiacjoe_overflow_small_starburst,
          kennysheep_decorative_pillar
D:7:      layout_basic
D:8:      layout_basic, grunt_qazlal_sundering, david_lair_generic,
          serial_shops, shop, minmay_shop_damaged, uniq_erica, uniq_psyche
D:9:      layout_basic, mainiacjoe_overflow_surrounded_room, serial_demonic,
          serial_demonic_a, serial_demonic_b, serial_demonic_d,
          serial_demonic_g, serial_demonic_c, serial_demonic_d, serial_demonic_a
Temple:   nicolae_temple_two_arcs

Skill      XL: |  1  2  3  4  5  6  7  8  9 |
---------------+----------------------------+-----
Shields        | 3 4 5 6 7 |  7.2
Fighting       | 3 4 5 6 |  6.6
Dodging        | 3 |  3.0
Unarmed Combat | 3 4 5 6 8 10 | 10.3

Action                   |  1- 3 |  4- 6 |  7- 9 | 10-12 || total
-------------------------+-------+-------+-------+-------++-------
Melee: Unarmed           |   133 |   165 |   190 |    11 ||   499
Invok: Lunge             |       |       |    13 |       ||    13
       Whirlwind         |       |       |       |     4 ||     4
  Use: Scroll            |       |       |     7 |       ||     7
       Potion            |       |       |     2 |       ||     2
 Stab: Sleeping          |     2 |     2 |       |       ||     4
Armor: Robe              |    41 |    36 |    30 |       ||   107
Dodge: Dodged            |    53 |    89 |    97 |     6 ||   245
Block: Kite shield       |    45 |    67 |    69 |     3 ||   184

Table legend: (Time is in decaauts)
 A = Elapsed time spent in this place.
 B = Non-inter-level travel time spent in this place.
 C = Inter-level travel time spent in this place.
 D = Time resting spent in this place.
 E = Time spent auto-exploring this place.
 F = Levels seen in this place.
 G = Mean time per level.
                   A        B        C        D        E       F      G
               +--------+--------+--------+--------+--------+-----+--------+
         Total |   6209 |   6064 |    145 |    518 |   4329 |  10 |  620.9 |
       Dungeon |   6072 |   5951 |    121 |    518 |   4223 |   9 |  674.7 |
        Temple |    136 |    113 |     23 |      0 |    106 |   1 |  136.0 |
               +--------+--------+--------+--------+--------+-----+--------+

Top non-repeatable levels by time:
     D:7: 1181 daAuts
     D:8: 1166 daAuts
     D:3: 790 daAuts
     D:1: 767 daAuts
     D:4: 626 daAuts
     D:5: 521 daAuts
     D:2: 445 daAuts
     D:6: 389 daAuts
     D:9: 183 daAuts
  Temple: 136 daAuts
